 Dungeon Crawl Stone Soup version 0.16-a0-4113-g7d8e295 (webtiles) character file.

24 timbw the Sneak (level 2, -5/17 HPs)
             Began as a High Elf Ice Elementalist on Feb 28, 2015.
             Slain by a black bear (6 damage)
             ... on level 6 of the Dungeon.
             The game lasted 00:03:53 (681 turns).

timbw the Sneak (High Elf Ice Elementalist)          Turns: 681, Time: 00:03:53

Health: -5/17      AC:  2    Str:  7    XL:     2   Next: 79%
Magic:  2/6        EV: 12    Int: 18    God:
Gold:   64         SH:  0    Dex: 15    Spells: 1 memorised, 4 levels left

rFire  . . .     SeeInvis .     h - +0 dagger
rCold  . . .     Clarity  .     a - +0 robe
rNeg   . . .     SustAb   .     (no shield)
rPois  .         Gourm    .     (no helmet)
rElec  .         Spirit   .     (no cloak)
rCorr  .         Warding  .     (no gloves)
rMut   .         Stasis   .     (no boots)
MR     .....                    (no amulet)
Stlth  +++.......               (no ring)
                                (no ring)

@: not resistant to hostile enchantments, fairly stealthy
A: no striking features
a: no special abilities


You were on level 6 of the Dungeon.
You were not hungry.

You visited 1 branch of the dungeon, and saw 6 of its levels.

You collected 64 gold pieces.

Inventory:

Hand weapons
 h - a +0 dagger (weapon)
 n - a +0 rapier
Armour
 a - a +0 robe (worn)
 l - a +0 leather armour
Scrolls
 d - a scroll of remove curse {unknown}
 e - 3 scrolls of random uselessness {unknown}
 f - a scroll of enchant weapon {unknown}
 m - a scroll of magic mapping {unknown}
 p - a scroll of enchant armour {unknown}
Potions
 i - a potion of ambrosia {unknown}
 j - a potion of haste {unknown}
 k - a potion of poison {unknown}
Books
 b - a book of Frost

   Spells                             Type                      Level
   a - Freeze                         Ice                          1
   b - Throw Frost                    Conjuration/Ice              2
   c - Ozocubu's Armour               Charms/Ice                   3
   d - Throw Icicle                   Conjuration/Ice              4
   e - Summon Ice Beast               Ice/Summoning                4
   f - Condensation Shield            Ice                          4
Comestibles
 c - 2 bread rations
 g - a beef jerky
 o - a chunk of flesh


   Skills:
 + Level 0.2 Short Blades
 - Level 2.1 Dodging
 * Level 3.9 Stealth
 - Level 2.4 Spellcasting
   Level 1.1 Conjurations
 - Level 3.0 Ice Magic


You had 4 spell levels left.
You knew the following spells:

 Your Spells              Type           Power        Failure   Level  Hunger
a - Freeze                Ice            ##..         6%          1    #......


Dungeon Overview and Level Annotations

Branches:
Dungeon (6/15)
 Temple: D:4-7

Altars:
Yredelemnul

Shops:
D:4 }=?

Annotations:
D:4 stickyfingers' ghost, average OpWz


Message History

Confirm with . or Enter, or press ? or * to list all spells.
Aiming: Freeze
Press: ? - help, Shift-Dir - straight line, f/p - black bear
Aim: a black bear (almost dead)
You freeze the black bear.
The black bear is almost dead.
The black bear goes berserk!
Casting: Freeze
Confirm with . or Enter, or press ? or * to list all spells.
Aiming: Freeze
Press: ? - help, Shift-Dir - straight line, f/p - black bear
Aim: a black bear (almost dead, berserk, fast, unusually strong)
You freeze the black bear.
The black bear is almost dead.
The black bear bites you but does no damage.
The black bear claws you but does no damage.
The black bear claws you.
* * * LOW HITPOINT WARNING * * *
The black bear misses you. The black bear claws you.
You die...

..#
#.#
#.#
#.#
#.#
#.#
#.#
#h#
#@#
#.#
#.#
#.#
#_#
#.#
#.#
#.#
.#.#


You could see a black bear (berserk).

Vanquished Creatures
  An orc (D:4)
  3 bats (D:2)
  A bat skeleton (D:4)
  4 hobgoblins
  2 kobolds (D:2)
  2 ball pythons
  A giant gecko (D:4)
  A giant gecko skeleton (D:5)
  A giant newt (D:2)
  3 goblins
  A quokka (D:2)
  3 rats
23 creatures vanquished.

Notes
Turn   | Place    | Note
--------------------------------------------------------------
     0 | D:1      | timbw, the High Elf Ice Elementalist, began the quest for the Orb.
     0 | D:1      | Reached XP level 1. HP: 11/11 MP: 4/4
    35 | D:1      | You fall through a shaft!
   190 | D:2      | Reached XP level 2. HP: 17/17 MP: 6/6
   366 | D:4      | Found Petovasche's Magic Scroll Emporium.
   408 | D:4      | Found Fac Jaek's Jewellery Shoppe.
   490 | D:4      | Found Hoehisak's Gadget Shop.
   528 | D:4      | Noticed stickyfingers' ghost (average OpWz)
   553 | D:5      | Entered Level 5 of the Dungeon
   663 | D:6      | Found a basalt altar of Yredelemnul.
   669 | D:6      | Noticed a black bear
   681 | D:6      | Slain by a black bear

Action                   || total
-------------------------++-------
Melee: Dagger            ||    18
       Unarmed           ||     1
 Cast: Freeze            ||    31
 Stab: Sleeping          ||     7
